AoeStats
← T1NOCAST

Black Forest

510421081Analyzed
2v2 RM · 21h ago on Sep 30, 2026· 64m 13s· 4 players
Game mode
Random Map
Map size
Medium (4 player)
Population
200
Speed
Normal
Resources
Standard
Victory
Conquest
Starting age
Dark Age
Ending age
Imperial Age
RankedLock teamsTeams togetherTeam positionsShared explorationLock speedFull tech treeHidden civsTurbo modeCheats
Victory
Defeat
🇦🇷 Khmer · Argentina
691
+18
🇦🇷 Wei · Argentina
659
+19
🇲🇽 Magyars · Mexico
732
-19
🇲🇽 Romans · Mexico
717
-18
El Toshi4549
1:25 Loom
13:01 Feudal Age
14:00 Horse Collar
14:07 Double-Bit Axe
16:13 Wheelbarrow
23:59 Castle Age
23:33 Gold Mining
23:36 Stone Mining
30:41 Imperial Age
29:19 Ballistics
29:47 Husbandry
30:45 Heavy Plow
33:02 Hand Cart
34:17 Gold Shaft Mining
34:20 Stone Shaft Mining
34:00 Tusk Swords
35:23 Chemistry
34:30 Scale Barding Armor
35:08 Elite Ballista Elephant
36:39 Crop Rotation
37:18 Elite Battle Elephant
40:10 Chain Barding Armor
40:20 Bow Saw
41:02 Bloodlines
43:21 Double Crossbow
43:41 Conscription
44:22 Plate Barding Armor
50:19 Caravan
51:38 Padded Archer Armor
51:28 Fletching
T1NOCAST
1:30 Loom
14:29 Feudal Age
14:58 Double-Bit Axe
15:47 Horse Collar
18:49 Gold Mining
20:14 Stone Mining
23:00 Wheelbarrow
26:03 Castle Age
26:03 Scale Barding Armor
26:09 Forging
26:21 Bloodlines
27:26 Hand Cart
27:22 Bow Saw
27:54 Heavy Plow
30:46 Squires
30:07 Pikeman
32:39 Tuntian
33:34 Husbandry
35:20 Stone Shaft Mining
35:22 Gold Shaft Mining
39:27 Imperial Age
39:55 Caravan
40:49 Crop Rotation
39:55 Elite Tiger Cavalry
40:51 Heavy Hei Guang Cavalry
41:57 Town Watch
42:54 Ming Guang Armor
44:15 Chain Barding Armor
44:30 Iron Casting
44:22 Halberdier
46:24 Town Patrol
48:38 Iron Casting
49:34 Fortified Wall
51:42 Chemistry
51:57 Blast Furnace
dmartinez4758
0:29 Loom
13:55 Feudal Age
14:29 Double-Bit Axe
15:04 Horse Collar
15:20 Gold Mining
20:26 Stone Mining
25:37 Castle Age
25:06 Scale Mail Armor
25:17 Forging
25:28 Man-at-Arms
27:31 Long Swordsman
28:12 Squires
29:32 Caravan
31:00 Gold Shaft Mining
33:24 Heavy Plow
33:39 Bow Saw
34:28 Wheelbarrow
33:39 Town Watch
37:53 Imperial Age
38:17 Ballistics
38:14 Chain Mail Armor
38:34 Iron Casting
38:06 Scale Barding Armor
38:17 Ballistas
39:39 Crop Rotation
40:21 Chemistry
39:19 Murder Holes
39:35 Fortified Wall
39:09 Capped Ram
40:02 Pikeman
40:03 Legionary
42:23 Blast Furnace
41:37 Halberdier
46:37 Hand Cart
46:26 Town Patrol
51:18 Redemption
jaime.camarillo.t
0:31 Loom
13:13 Feudal Age
13:49 Double-Bit Axe
13:47 Horse Collar
22:03 Castle Age
22:08 Gold Mining
22:11 Stone Mining
23:07 Wheelbarrow
22:58 Heavy Plow
23:10 Bow Saw
23:49 Caravan
24:30 Hand Cart
24:24 Treadmill Crane
27:45 Town Watch
30:36 Gold Shaft Mining
30:36 Town Patrol
36:10 Imperial Age
34:36 Fletching
35:17 Ballistics
34:53 Murder Holes
37:58 Chemistry
37:09 Masonry
37:05 Siege Engineers
37:03 Husbandry
37:15 Bloodlines
37:15 Scale Barding Armor
37:06 Bodkin Arrow
37:11 Padded Archer Armor
38:08 Conscription
37:51 Corvinian Army
37:53 Recurve Bow
37:52 Pikeman
38:36 Scale Mail Armor
38:56 Chain Barding Armor
38:09 Light Cavalry
39:37 Elite Magyar Huszar
40:52 Hoardings
40:37 Chain Mail Armor
40:38 Leather Archer Armor
41:11 Bracer
41:46 Plate Barding Armor
41:39 Parthian Tactics
41:16 Halberdier
42:05 Thumb Ring
42:03 Heavy Cavalry Archer
43:51 Ring Archer Armor
42:50 Hussar
43:20 Arson
42:58 Capped Ram
45:36 Two-Man Saw
46:03 Crop Rotation
50:16 Herbal Medicine
50:32 Fervor
50:42 Sanctity
50:27 Guard Tower
Connection lost

Rejoining the realm…

Still unreachable

The connection could not be restored.

Session expired

The server has moved on; the page needs a fresh start.